 Dungeon Crawl Stone Soup version 0.16.1-16-gc44b35d (webtiles) character file.

330 Siriah the Insei (level 6, 0/52 HPs)
             Began as a Naga Transmuter on Apr 17, 2015.
             Killed from afar by an orc wizard (7 damage)
             ... with a magic dart
             ... on level 4 of the Dungeon.
             The game lasted 00:14:12 (4545 turns).

Siriah the Insei (Naga Transmuter)                  Turns: 4545, Time: 00:14:12

Health: 0/52       AC:  3    Str: 12    XL:     6   Next: 51%
Magic:  7/13       EV: 11    Int: 14    God:
Gold:   147        SH:  0    Dex: 13    Spells: 3 memorised, 5 levels left

rFire  . . .     SeeInvis +       - Unarmed
rCold  . . .     Clarity  .     c - +0 robe
rNeg   + . .     SustAb   .     (no shield)
rPois  +         Gourm    .     (no helmet)
rElec  .         Spirit   .     (no cloak)
rCorr  .         Warding  .     (no gloves)
rMut   .         Stasis   .     (no barding)
MR     .....                    r - amulet of faith
Stlth  +.........               (no ring)
                                i - ring of positive energy

@: very slow, not resistant to hostile enchantments, very unstealthy
A: spit poison, see invisible, deformed body, poison resistance, slowness 2, AC
+2
a: Spit Poison


You were on level 4 of the Dungeon.
You were near starving.

You visited 1 branch of the dungeon, and saw 4 of its levels.

You collected 147 gold pieces.

Inventory:

Missiles
 b - 4 arrows
Armour
 c - a +0 robe (worn)
Jewellery
 h - an uncursed amulet of warding
 i - a ring of positive energy (left hand)
 r - an amulet of faith (around neck)
Magical devices
 t - a wand of flame (28)
Scrolls
 e - a scroll of noise
 f - a scroll of identify
 s - a scroll of magic mapping
Potions
 k - a potion of flight
 m - a potion of magic
 p - a potion of mutation {unknown}
 q - a potion of restore abilities
Books
 d - a book of Changes

   Spells                             Type                      Level
   a - Beastly Appendage              Transmutation                1
   b - Sticks to Snakes               Transmutation                2
   c - Spider Form                    Transmutation/Poison         3
   d - Ice Form                       Ice/Transmutation            4
   e - Blade Hands                    Transmutation                5
Comestibles
 a - 4 bread rations
 g - a beef jerky
 l - 2 slices of pizza
 n - 3 meat rations


   Skills:
 + Level 2.2 Fighting
 + Level 3.1 Dodging
 + Level 0.4 Stealth
 + Level 3.9 Unarmed Combat
 + Level 3.2 Spellcasting
 + Level 3.6 Transmutations
 + Level 0.2 Evocations


You had 5 spell levels left.
You knew the following spells:

 Your Spells              Type           Power        Failure   Level  Hunger
a - Beastly Appendage     Trmt           ##....       6%          1    #......
b - Sticks to Snakes      Trmt           ##........   10%         2    ##.....
c - Spider Form           Trmt/Pois      #.........   30%         3    ###....


Dungeon Overview and Level Annotations

Branches:
Dungeon (4/15)
 Temple: D:4-7

Altars:
Ashenzari

Annotations:
D:4 Prince Ribbit, Sigmund


Innate Abilities, Weirdness & Mutations

You cannot wear boots.
You can spit poison.
Your serpentine skin is tough (AC +2).
You have supernaturally acute eyesight.
Armour fits poorly on your strangely shaped body.
Your system is resistant to poisons.
You cover ground very slowly.


Message History

You have got your breath back.
Prince Ribbit blinks!
The ball python bites you.
* * * LOW HITPOINT WARNING * * *
The ball python misses you.
Your transformation is almost over.
Prince Ribbit completely misses you. Prince Ribbit misses you.
Prince Ribbit misses you.
Prince Ribbit blinks!
Your transformation has ended.
Your +0 robe unmelds from your body.
Prince Ribbit mumbles some strange words.
Prince Ribbit looks slightly unstable.
The orc wizard casts a spell.
The orc wizard seems to speed up.
Prince Ribbit blinks!
The orc wizard points at you and mumbles some strange words.
The magic dart hits you!
You die...

#..###..........
####o###...........
#....# #.........#.
#....###...........
#....#........)....
#..................
#...F).###...###...
#....#####......S##
#.@..###§..#######
#....#S§§S..(#
##....#.o§§§..# ***
#......##§§.### *,.
#........§### #..
#......#### #..
#.<....# ###
#......# #......#


You could see Prince Ribbit and an orc wizard.

Vanquished Creatures
  The ghost of Siriah the Grasshopper, an average NaWr (D:4)
  An orc wizard (D:4)
  An iguana (D:4)
  4 adders
  A shadow imp (D:3)
  3 giant mites
  5 worms
  3 giant geckos
  An ooze (D:2)
  4 orcs
  2 ball pythons
  6 bats
  3 giant cockroaches
  4 goblins
  5 hobgoblins
  6 jackals
  6 kobolds
  2 giant newts
  12 rats
70 creatures vanquished.

Vanquished Creatures (collateral kills)
  2 bats (D:4)
2 creatures vanquished.

Grand Total: 72 creatures vanquished

Notes
Turn   | Place    | Note
--------------------------------------------------------------
     0 | D:1      | Siriah, the Naga Transmuter, began the quest for the Orb.
     0 | D:1      | Reached XP level 1. HP: 18/18 MP: 3/3
   429 | D:1      | Reached XP level 2. HP: 9/25 MP: 1/4
   440 | D:1      | Learned a level 2 spell: Sticks to Snakes
  1213 | D:1      | Reached XP level 3. HP: 31/31 MP: 4/6
  1917 | D:2      | Found a shattered altar of Ashenzari.
  1932 | D:2      | Reached XP level 4. HP: 28/38 MP: 6/8
  3300 | D:3      | Reached XP level 5. HP: 36/45 MP: 8/10
  3305 | D:3      | Learned a level 3 spell: Spider Form
  3536 | D:4      | Noticed Sigmund
  3907 | D:4      | Noticed Siriah's ghost (average NaWr)
  4018 | D:4      | Killed Siriah's ghost
  4018 | D:4      | Reached XP level 6. HP: 10/52 MP: 2/13
  4486 | D:4      | Noticed Prince Ribbit
  4545 | D:4      | Killed from afar by an orc wizard

Action                   |  1- 3 |  4- 6 || total
-------------------------+-------+-------++-------
Melee: Unarmed           |   100 |   166 ||   266
 Cast: Beastly Appendage |    16 |    20 ||    36
       Sticks to Snakes  |       |     8 ||     8
       Spider Form       |       |     4 ||     4
 Abil: Spit Poison       |    24 |    24 ||    48
Evoke: Wand              |       |     2 ||     2
  Use: Scroll            |       |     9 ||     9
       Potion            |       |     2 ||     2
  Eat: Chunk             |     5 |     9 ||    14
